AoeStats
← jbeacen2

Arena

510389762Analyzed
2v2 RM · 1d ago on Sep 30, 2026· 71m 26s· 4 players
Game mode
Random Map
Map size
Medium (4 player)
Population
200
Speed
Normal
Resources
Standard
Victory
Conquest
Starting age
Dark Age
Ending age
Imperial Age
RankedLock teamsTeams togetherTeam positionsShared explorationLock speedFull tech treeHidden civsTurbo modeCheats
Victory
Defeat
🇪🇸 Chinese · Spain
575
+11
🇹🇷 Bohemians · Türkiye
536
+13
🇰🇿 Slavs · Kazakhstan
475
-12
🇷🇺 Britons · Russia
460
-12
jbeacen2
2:10 Loom
17:02 Feudal Age
17:36 Horse Collar
17:43 Double-Bit Axe
17:52 Gold Mining
17:56 Stone Mining
22:12 Castle Age
20:39 Padded Archer Armor
20:30 Fletching
25:01 Stone Shaft Mining
25:03 Gold Shaft Mining
24:31 Heavy Plow
24:44 Bow Saw
24:56 Leather Archer Armor
24:37 Bodkin Arrow
25:24 Thumb Ring
28:16 Ballistics
31:59 Imperial Age
33:45 Rocketry
33:24 Capped Ram
35:06 Chemistry
36:35 Ring Archer Armor
36:06 Bracer
38:14 Elite Chu Ko Nu
42:36 Siege Ram
48:03 Great Wall
47:35 Sappers
51:19 Two-Man Saw
50:58 Wheelbarrow
53:11 Bombard Tower
emresamett60
10:36 Feudal Age
19:24 Castle Age
22:17 Husbandry
35:19 Imperial Age
33:25 Wheelbarrow
33:13 Double-Bit Axe
33:13 Horse Collar
36:40 Wheelbarrow
35:51 Town Watch
35:52 Loom
36:51 Heavy Plow
38:12 Scale Mail Armor
38:23 Forging
39:16 Chain Mail Armor
39:06 Scale Barding Armor
40:35 Wagenburg Tactics
40:36 Hussite Reforms
39:52 Elite Hussite Wagon
40:51 Caravan
42:06 Bow Saw
42:33 Masonry
42:44 Ballistics
43:24 Chemistry
42:36 Scale Barding Armor
43:07 Iron Casting
42:12 Cavalier
43:05 Padded Archer Armor
43:43 Hand Cart
43:57 Town Patrol
45:48 Guilds
46:05 Chain Barding Armor
46:46 Blast Furnace
46:17 Plate Mail Armor
45:38 Fletching
47:00 Conscription
47:49 Two-Man Saw
46:24 Elite Skirmisher
48:23 Houfnice
51:28 Atonement
51:40 Fervor
51:52 Sanctity
51:34 Devotion
52:01 Illumination
51:52 Block Printing
52:17 Theocracy
51:38 Herbal Medicine
52:16 Leather Archer Armor
51:57 Bodkin Arrow
Civarly
10:44 Feudal Age
12:10 Wheelbarrow
11:22 Double-Bit Axe
11:24 Horse Collar
20:19 Castle Age
20:27 Light Cavalry
21:38 Hand Cart
21:24 Heavy Plow
25:28 Husbandry
25:38 Bloodlines
25:39 Scale Barding Armor
28:17 Pikeman
37:38 Imperial Age
35:37 Stone Mining
35:38 Gold Mining
37:45 Elite Boyar
38:38 Elite Skirmisher
38:39 Crossbowman
42:39 Padded Archer Armor
42:30 Fletching
43:06 Bow Saw
46:14 Chemistry
45:35 Ballistics
50:39 Bodkin Arrow
50:59 Leather Archer Armor
54:36 Druzhina
54:42 Druzhina
56:16 Capped Ram
56:20 Heavy Scorpion
57:54 Ring Archer Armor
59:11 Halberdier
67:02 Scale Mail Armor
67:12 Forging
70:26 Iron Casting
Chaso-Parametrik
0:49 Loom
6:12 Loom
11:01 Feudal Age
12:28 Wheelbarrow
11:41 Double-Bit Axe
11:38 Horse Collar
14:33 Man-at-Arms
16:30 Stone Mining
16:31 Gold Mining
21:29 Castle Age
20:28 Arson
21:20 Scale Barding Armor
21:29 Padded Archer Armor
21:40 Forging
21:44 Scale Mail Armor
22:17 Fletching
22:56 Bow Saw
23:12 Heavy Plow
25:21 Hand Cart
25:13 Husbandry
27:52 Light Cavalry
27:54 Long Swordsman
28:35 Squires
32:43 Chain Mail Armor
33:04 Iron Casting
32:24 Bodkin Arrow
32:45 Leather Archer Armor
34:22 Elite Skirmisher
38:14 Imperial Age
37:16 Gold Shaft Mining
36:43 Pikeman
37:18 Gambesons
40:52 Conscription
40:47 Elite Skirmisher
42:18 Halberdier
52:04 Ring Archer Armor
57:12 Elite Longbowman
Connection lost

Rejoining the realm…

Still unreachable

The connection could not be restored.

Session expired

The server has moved on; the page needs a fresh start.